Map: Ruins of Seras

Players

LindyHop - Winner!

  • Race: Zerg Zerg
  • League: Platinum

A.I. 1 (Very Hard)

  • Race: Zerg Zerg

VOD

Have the link to the VOD?

Description

Time

  • Played on: Dec. 12, 2015, 2:30 p.m.
  • Length: 11:44
Show
View Real Time Build Order
Export as new Build Order

LindyHop Zerg - Winner!

Build Orders: Hatch First 

Get SALT Encoding   

  12  0:01  Drone  
  13  0:14  Overlord  
  13  0:18  Drone  
  14  0:32  Drone x2  
  16  0:39  Drone  
  17  0:56  Hatchery  
  16  1:01  Drone x2  
  18  1:05  Extractor  
  18  1:08  Drone  
  18  1:22  Spawning Pool  
  18  1:25  Drone  
  18  1:29  Drone  
  19  1:41  Overlord  
  19  2:09  Queen, Zergling x4  
  19  2:11  Metabolic Boost  
  19  2:12  Queen  
  26  2:15  Drone  
  26  2:18  Drone  
  27  2:29  Overlord  
  27  2:37  Drone x3  
  27  2:41  Drone  
  31  2:44  Drone  
  32  2:53  Drone  
  32  2:56  Drone  
  34  3:10  Drone x2  
  34  3:12  Drone  
  37  3:15  Queen  
  37  3:17  Baneling Nest  
  38  3:21  Roach Warren  
  38  3:26  Drone x3  
  40  3:40  Overlord x2  
  40  3:56  Drone x2  
  40  3:59  Lair  
  42  4:03  Drone  
  42  4:04  Drone x2  
  42  4:05  Extractor  
  42  4:07  Evolution Chamber  
  44  4:10  Drone x2  
  44  4:16  Extractor  
  44  4:20  Extractor  
  44  4:21  Drone x2  
  44  4:22  Overlord x2  
  45  4:32  Zerg Ground Armor Level 1  
  45  4:39  Drone x3  
  48  4:50  Drone  
  48  4:51  Drone x2  
  51  5:00  Spire  
  50  5:10  Overlord  
  50  5:11  Glial Reconstitution  
  50  5:18  Drone x2  
  50  5:19  Hatchery  
  51  5:33  Drone x3  
  51  5:35  Drone x3  
  57  5:36  Overlord  
  57  5:37  Overlord  
  56  5:57  Overlord  
  56  6:06  Drone x4  
  56  6:07  Overlord  
  60  6:12  Mutalisk  
  60  6:13  Mutalisk x5  
  60  6:15  Extractor  
  60  6:17  Extractor  
  70  6:31  Drone x3  
  73  6:33  Drone x2  
  73  6:38  Mutalisk x2  
  79  6:49  Mutalisk x2  
  83  7:01  Hatchery  
  82  7:02  Zergling x2  
  82  7:03  Zergling x2  
  82  7:06  Mutalisk  
  85  7:10  Zergling x2  
  85  7:11  Burrow  
  86  7:17  Mutalisk  
  88  7:26  Mutalisk x4  
  96  7:32  Hatchery, Zerg Missile Weapons Level 1  
  96  7:34  Zergling x2  
  96  7:35  Zergling x6  
  99  7:41  Roach  
  103  7:44  Roach  
  103  8:00  Roach x5  
  103  8:02  Overlord x3  
  113  8:12  Infestation Pit  
  112  8:17  Hydralisk Den  
  111  8:32  Roach  
  111  8:33  Roach x7  
  127  8:39  Roach x4  
  127  8:40  Mutalisk  
  127  8:41  Mutalisk x2  
  137  8:51  Mutalisk x2  
  137  8:52  Mutalisk x2  
  145  8:59  Mutalisk  
  145  9:02  Roach x2  
  151  9:28  Mutalisk x3  
  151  9:29  Overlord x3  
  151  9:30  Overlord x3  
  157  9:46  Overlord x3  
  157  9:59  Hydralisk x12  
  148  10:00  Hydralisk  
  146  10:08  Hydralisk  
  146  10:10  Hydralisk x2  
  152  10:17  Hydralisk x2  
  152  10:19  Hydralisk  
  158  10:31  Hydralisk x4  
  166  10:48  Zergling x2  
  166  10:49  Zergling x6  
  170  10:50  Mutalisk x3  
  170  10:56  Hydralisk x2  
  178  10:57  Drone  
  178  11:03  Mutalisk  
  181  11:05  Zergling x4  
  181  11:06  Zergling x6  
  186  11:19  Zergling x16  
  186  11:20  Zergling x2  
Show
View Real Time Build Order
Export as new Build Order

A.I. 1 (Very Hard) Zerg 

Build Orders: Pool First 

Get SALT Encoding   

  12  0:00  Drone  
  13  0:12  Overlord  
  13  0:17  Drone  
  14  0:30  Drone x2  
  14  0:34  Drone  
  17  0:48  Spawning Pool  
  17  0:49  Drone  
  17  1:10  Hatchery  
  16  1:14  Drone  
  16  1:16  Extractor  
  16  1:20  Drone  
  16  1:23  Extractor  
  16  1:25  Drone  
  16  1:31  Drone  
  18  1:38  Drone  
  19  1:49  Overlord  
  19  1:58  Queen  
  21  2:03  Zergling x2  
  22  2:10  Drone  
  23  2:25  Queen  
  25  2:31  Drone  
  26  2:37  Drone  
  26  2:42  Drone  
  28  2:47  Drone  
  29  3:01  Roach Warren  
  29  3:03  Zergling x2  
  28  3:07  Drone  
  28  3:10  Drone  
  30  3:14  Zergling x2  
  30  3:16  Zergling x2  
  32  3:23  Overlord  
  32  3:26  Drone  
  33  3:29  Drone  
  33  3:41  Zergling x2  
  33  3:42  Roach x2  
  33  3:46  Roach  
  40  3:50  Roach  
  42  3:58  Lair  
  42  4:02  Overlord  
  42  4:07  Overlord  
  42  4:10  Zergling x2  
  43  4:20  Zergling x2  
  43  4:21  Drone x2, Zergling x2  
  43  4:23  Drone  
  48  4:25  Drone  
  48  4:28  Drone  
  50  4:32  Overlord  
  50  4:36  Roach  
  52  4:40  Roach  
  52  4:43  Roach  
  56  4:46  Roach  
  56  4:51  Overlord  
  58  4:57  Drone  
  58  4:59  Drone  
  60  5:00  Hydralisk Den  
  60  5:01  Drone  
  60  5:08  Drone  
  60  5:10  Drone  
  60  5:12  Drone  
  64  5:14  Drone  
  64  5:16  Drone  
  64  5:18  Drone  
  66  5:22  Overlord  
  66  5:24  Drone  
  66  5:26  Drone  
  66  5:28  Drone  
  69  5:30  Drone, Hydralisk  
  69  5:33  Hydralisk  
  74  5:40  Drone, Hydralisk  
  74  5:42  Overlord  
  77  5:45  Hydralisk  
  77  5:48  Drone  
  81  5:50  Drone  
  81  5:51  Drone  
  82  6:00  Ravager  
  82  6:01  Overlord  
  82  6:02  Infestation Pit  
  82  6:04  Ravager, Roach  
  84  6:07  Roach  
  84  6:09  Hydralisk  
  89  6:18  Metabolic Boost  
  89  6:19  Hydralisk, Roach  
  89  6:21  Overlord  
  89  6:24  Hydralisk  
  95  6:32  Hydralisk  
  95  6:36  Evolution Chamber  
  95  6:39  Overlord, Infestor  
  98  6:46  Drone, Extractor x2  
  97  6:48  Drone  
  97  6:51  Drone  
  97  6:52  Infestor  
  100  7:02  Zerg Melee Weapons Level 1  
  100  7:08  Overlord, Drone  
  101  7:09  Drone  
  101  7:10  Drone  
  101  7:11  Hatchery  
  101  7:12  Drone  
  101  7:14  Drone  
  101  7:15  Drone  
  105  7:23  Spire  
  105  7:24  Drone  
  105  7:39  Evolution Chamber  
  105  7:41  Drone  
  105  7:43  Evolution Chamber, Drone  
  105  7:49  Overseer x2  
  105  7:54  Spine Crawler  
  105  7:55  Drone  
  105  7:57  Spine Crawler  
  105  7:58  Drone  
  105  8:01  Infestor  
  105  8:02  Overlord  
  107  8:16  Infestor  
  109  8:22  Queen  
  109  8:23  Drone x3, Hydralisk, Roach, Overlord  
  109  8:24  Drone x4  
  109  8:25  Drone x4  
  109  8:26  Drone  
  127  8:29  Drone  
  127  8:33  Drone x2  
  127  8:34  Extractor  
  121  8:40  Drone  
  122  8:43  Overlord  
  122  8:44  Drone  
  122  8:48  Mutalisk, Corruptor  
  123  8:49  Drone  
  123  8:50  Drone  
  123  8:53  Mutalisk, Drone  
  123  8:54  Drone, Mutalisk  
  123  8:55  Mutalisk  
  127  9:02  Drone  
  127  9:05  Mutalisk  
  127  9:06  Overlord  
  129  9:12  Mutalisk  
  129  9:16  Drone  
  132  9:17  Drone  
  132  9:23  Drone  
  134  9:25  Mutalisk, Drone x2, Extractor  
  134  9:26  Drone  
  134  9:28  Drone  
  134  9:29  Mutalisk, Overlord  
  134  9:30  Drone  
  142  9:35  Drone  
  142  9:37  Drone  
  144  9:40  Drone  
  145  9:45  Drone  
  145  9:48  Drone  
  145  9:50  Overlord  
  145  9:57  Roach x3  
  145  9:59  Roach  
  127  10:01  Mutalisk x2, Roach x2  
  98  10:08  Drone  
  98  10:10  Zergling x2  
  98  10:12  Zergling x2  
  86  10:18  Overseer, Hydralisk  
  76  10:23  Roach  
  71  10:29  Mutalisk  
  71  10:30  Hydralisk, Zergling x2  
  71  10:33  Infestor  
  70  10:40  Hydralisk  
  72  10:43  Hydralisk  
  72  10:44  Overseer  
  72  10:47  Overseer  
  74  10:52  Drone  
  74  10:55  Zergling x2  
  74  10:57  Hatchery, Queen  
  67  11:01  Drone  
  67  11:03  Drone  
  61  11:06  Roach  
  40  11:16  Drone  
  26  11:27  Zergling x2  
Tags
 
Add a new tag
Caveats
  • Supply blocks, unpowered buildings, or Contaminate may cause inaccurate times.
  • Supply counts are checked every 10 seconds.